 Dungeon Crawl Stone Soup version 0.28-a0-239-g68911e0c57 (webtiles) character file.

Game seed: 13329824343771313275

51 thedisplayname the Insei (level 3, -2/28 HPs)
             Began as a Draconian Transmuter on Aug 23, 2021.
             Slain by a gnoll (6 damage)
             ... on level 3 of the Dungeon.
             The game lasted 00:07:32 (3346 turns).

thedisplayname the Insei (Draconian Transmuter)     Turns: 3346, Time: 00:07:32

Health: -2/28      AC:  5    Str:  9 (12) XL:     3   Next: 58%
Magic:  5/6        EV: 12    Int: 10 (13) God:
Gold:   108        SH:  5    Dex: 11 (12) Spells: 5/6 levels left

rFire   . . .      SeeInvis .     - Unarmed
rCold   . . .      Faith    .   (no shield)
rNeg    . . .      Spirit   .   (armour unavailable)
rPois   .          Reflect  +   (helmet currently unavailable)
rElec   .          Harm     .   (no cloak)
rCorr   .          Rampage  .   (no gloves)
Will    .....                   (boots currently unavailable)
Stlth   +.........              e - amulet of reflection
HPRegen 0.09/turn               (no ring)
MPRegen 0.10/turn               (no ring)

@: about to teleport, appendages
A: horns 2, talons 2, AC +5, unfitting armour, cold-blooded
a: End Transformation


You were on level 3 of the Dungeon.
You had temporarily grown beastly horns and talons.
You visited 1 branch of the dungeon, and saw 3 of its levels.

You collected 238 gold pieces.
You spent 130 gold pieces at shops.

Inventory:

Magical Staves
 a - a staff of air
Jewellery
 e - an amulet of reflection (around neck)
Wands
 c - a wand of polymorph (4)
Scrolls
 d - 3 scrolls of identify
 h - a scroll of enchant weapon


   Skills:
 - Level 1.1 Fighting
 - Level 1.7 Dodging
 + Level 3.9 Unarmed Combat
 - Level 2.0 Spellcasting
 + Level 3.1 Transmutations


You had 5 spell levels left.
You knew the following spells:

 Your Spells              Type           Power      Damage    Failure   Level
a - Beastly Appendage     Tmut           14%        N/A       9%          1

Your spell library contained the following spells:

 Spells                   Type           Power      Damage    Failure   Level
 Wereblood                Tmut           7%         N/A       13%         2
 Freeze                   Ice            4%         1d3       30%         1
 Blink                    Tloc           N/A        N/A       43%         2
 Spider Form              Tmut/Pois      2%         N/A       45%         3
 Ignite Poison            Fire/Tmut/Pois 3%         N/A       52%         3
 Frozen Ramparts          Ice            2%         1d2       67%         3
 Lesser Beckoning         Tloc           0%         N/A       67%         3
 Mephitic Cloud           Conj/Pois/Air  1%         N/A       67%         3
 Ice Form                 Ice/Tmut       4%         N/A       86%         4
 Hailstorm                Conj/Ice       1%         3d3       97%         4
 Bolt of Magma            Conj/Fire/Erth 0%         4d4       100%        5
 Manifold Assault         Tloc           1%         N/A       100%        5


Dungeon Overview and Level Annotations

Branches:
Dungeon (3/15)

Altars:

Shops:
D:1 =[:*


Innate Abilities, Weirdness & Mutations

You have temporarily grown beastly horns and talons.
Your plain brown scales are hard. (AC +5)
You cannot fit into any form of body armour.
You are cold-blooded and may be slowed by cold attacks.


Message History

You see here a staff of air.
a - a staff of air
Okay, then.
A dart slug comes into view.
A gnoll comes into view. It is wielding a +0 spear.
The gnoll shouts!
Casting: Beastly Appendage (safe; 9% risk of failure)
Confirm with . or Enter, or press ? or * to list all spells.
You grow a pair of large bovine horns.
Your feet morph into talons.
A gnoll comes into view. It is wielding a +0 whip.
The dart slug launches a dart at you. The slug dart hits you.
A goblin comes into view. It is wielding a +0 club.
The goblin shouts!
The dart slug barely misses you. The gnoll hits you but does no damage.
You completely miss the dart slug. You claw the dart slug.
The dart slug is heavily wounded.
You block the gnoll's attack.
You hit the dart slug but do no damage.
The dart slug is heavily wounded.
The dart slug launches a dart at you. The slug dart hits you.
You hit the dart slug.
The dart slug is severely wounded.
The gnoll hits you from afar with a +0 spear!
The dart slug misses you.
Casting: Beastly Appendage (safe; 9% risk of failure)
Confirm with . or Enter, or press ? or * to list all spells.
Okay, then.
Memorise Wereblood, consuming 2 spell levels and leaving 3?
The gnoll closely misses you. The gnoll hits you with a +0 whip!
Your memorisation is interrupted.
* * * LOW HITPOINT WARNING * * *
You aren't carrying any potions.
As you read the scroll of teleportation, it crumbles to dust.
You feel strangely unstable.
The gnoll hits you from afar with a +0 spear.
* * * LOW HITPOINT WARNING * * *
The gnoll hits you with a +0 whip.
You die...

#..##..... . ..#..... ..
. ##.#.... .....#......
#......... . #..
#...########.....
###..g#.#.)...........##
.....gw@......#####....
......g...###.######..##
...##....#........##....
# #..........##.##..#
...<###.....##.##..#
###.# #.....##.....# #.
#.....#####..# #.
#..[...# ##.## #.######
#..#


You could see 2 gnolls, a dart slug and a goblin.

Vanquished Creatures
  An adder (D:2)
  2 worms
  An orc (D:3)
  2 endoplasms
  2 giant cockroaches
  2 goblins (D:1)
  5 hobgoblins (D:1)
  3 quokkas
  8 ball pythons
  3 kobolds
  3 rats
32 creatures vanquished.

Vanquished Creatures (others)
  4 toadstools (D:1)
4 creatures vanquished.

Grand Total: 36 creatures vanquished

Notes
Turn   | Place    | Note
-------+----------+-------------------------------------------
     0 | D:1      | thedisplayname the Draconian Transmuter began the quest for
                  | the Orb.
     0 | D:1      | Reached XP level 1. HP: 16/16 MP: 3/3
   237 | D:1      | Found Nittoe's Assorted Antiques.
   449 | D:1      | Found a faded altar of an unknown god.
   737 | D:1      | Reached XP level 2. HP: 19/23 MP: 5/5
  1160 | D:1      | Found Tock's Antique Armour Shoppe.
  1183 | D:1      | Found Pogum's Jewellery Emporium.
  1202 | D:1      | Found Ceyzosim's Book Shoppe.
  1429 | D:1      | Bought a dented cameo amulet for 130 gold pieces
  1503 | D:2      | Reached XP level 3. HP: 7/28 MP: 6/6
  3346 | D:3      | Slain by a gnoll

Illustrated notes

Levels and vault maps discovered:
D:1:      amcnicky_arrival_flooded_fountain, layout_loops_cross,
          hellmonk_ecumenical_altar_lost_god, serial_shops, nicolae_shop_trees,
          nicolae_diamond_shop, nicolae_shop_temple_entry_statues_fountains,
          shop_statue, minmay_gold_behind_fungi
D:2:      layout_rooms
D:3:      layout_rooms, kennysheep_potato

Skill      XL: |  1  2  3 |
---------------+----------+-----
Transmutations | 3 |  3.1
Fighting       | |  1.1
Dodging        | |  1.7
Unarmed Combat | |  3.9
Spellcasting   | |  2.0

Action                   || total
-------------------------++-------
Melee: Unarmed           ||   104
       Kick              ||     9
       Headbutt          ||     4
       Tailslap          ||     7
       Punch             ||     1
 Cast: Beastly Appendage ||     9
  Use: Scroll            ||     3
       Potion            ||     3
Armor: Skin              ||    15
Dodge: Dodged            ||    54
Block: Other             ||    18
       Reflection        ||     1

Table legend: (Time is in decaauts)
 A = Elapsed time spent in this place.
 B = Non-inter-level travel time spent in this place.
 C = Inter-level travel time spent in this place.
 D = Time resting spent in this place.
 E = Time spent auto-exploring this place.
 F = Levels seen in this place.
 G = Mean time per level.
                   A        B        C        D        E       F      G
               +--------+--------+--------+--------+--------+-----+--------+
         Total |   3324 |   3220 |    104 |   1888 |    893 |   3 | 1108.0 |
       Dungeon |   3324 |   3220 |    104 |   1888 |    893 |   3 | 1108.0 |
               +--------+--------+--------+--------+--------+-----+--------+

Top non-repeatable levels by time:
     D:2: 1484 daAuts
     D:1: 1469 daAuts
     D:3: 370 daAuts
